 Dungeon Crawl Stone Soup version 0.31-a0-424-g41b3b0883d (webtiles) character file.

Game seed: 16113874394044054671

32 Ethylacetat the Insei (level 3, -2/24 HPs)
             Began as an Octopode Shapeshifter on July 30, 2023.
             Slain by Sigmund
             ... wielding a +0 scythe
              (11 damage)
             ... on level 2 of the Dungeon.
             The game lasted 00:01:17 (680 turns).

Ethylacetat the Insei (Octopode Shapeshifter)        Turns: 680, Time: 00:01:17

Health: -2/24      AC:  1    Str: 14    XL:     3   Next: 27%
Magic:  0/3        EV: 13    Int: 10    God:
Gold:   22         SH:  0    Dex: 14    Spells: 2/2 levels left

rFire   . .          .
                       - Unarmed
rCold   . . .        (no shield)
rNeg    . . .        (helmet currently unavailable)
rPois   .            e - amulet of guardian spirit
rElec   .            (no ring)
rCorr   .            (no ring)
SInv    .            (no ring)
Will    .....        (no ring)
Stlth   ++           (no ring)
HPRegen 0.24/turn    (no ring)
MPRegen 0.08/turn    (no ring)
                     (no ring)

%: guardian spirit
@: beast-form
A: beast (slay +2), almost no armour, amphibious, 8 rings, camouflage 1,
gelatinous body 1, (nimble swimmer 1), tentacles
a: Begin Untransformation


You were on level 2 of the Dungeon.
You were a hulking beast.
You visited 1 branch of the dungeon, and saw 2 of its levels.

You collected 22 gold pieces.

Inventory:

Jewellery
 e - an amulet of guardian spirit (around mantle)
Talismans
 b - a beast talisman (active)
Scrolls
 d - a scroll of vulnerability {unknown}
 f - a scroll of noise {unknown}
Potions
 a - a potion of lignification
 c - a potion of curing
 g - a potion of haste {unknown}


   Skills:
 + Level 1.6 Fighting
 + Level 2.4 Dodging
 + Level 3.3 Unarmed Combat
 + Level 3.2 Shapeshifting


You had 2 spell levels left.
You didn't know any spells.
Your spell library was empty.

Dungeon Overview and Level Annotations

Branches:
Dungeon (2/15)

Altars:

Annotations:
D:2 Sigmund


Innate Abilities, Weirdness & Mutations

You are a hulking beast.
Your limbs bulge with bestial killing power. (Slay +2)
You cannot wear most types of armour.
You are amphibious.
You can wear up to eight rings at the same time.
Your skin changes colour to match your surroundings (Stealth+).
Your rubbery body absorbs attacks. (AC +1, EV +1)
((You are camouflaged when in or above water. (Stealth+)))
You have tentacles for arms and can constrict up to eight enemies at once.


Message History

Sigmund casts a spell.
Sigmund flickers and vanishes!
Deactivating autopickup; reactivate with Ctrl-A.
The quokka misses you.
You closely miss the quokka. Your grab misses the quokka.
The quokka bites you but does no damage.
A goblin comes into view. It is wielding a +0 club.
You closely miss the quokka.
The goblin shouts!
Your grab misses the quokka. You squeeze the quokka.
You kill the quokka!
The goblin closely misses you.
You hear some strange, mumbled words.
A puff of flame appears from out of thin air!
The puff of flame misses you.
You see here a quokka corpse.
You tentacle-slap the goblin.
You kill the goblin!
You hear some strange, mumbled words.
Something tries to affect you, but you resist.
No target in view!
No target in view!
No target in view!
No target in view!
No target in view!
No target in view!
No target in view!
No target in view!
You hear some strange, mumbled words.
A magic dart appears from out of thin air!
The magic dart hits you.
You completely miss something. Something hits you.
You miss something. Something hits you!
You tentacle-slap something.
Your tentacle-slap misses something.
You squeeze something. You closely miss something.
Your tentacle-slap misses something.
Something hits you!
* * * LOW HITPOINT WARNING * * *
It was a potion of curing.
You feel better. Something hits you!
You die...

#. ##. ##.. .
...###### ...
.. .......<#
.. #.#.
...####.# .##
....
#.#######)#..#
#..>..).†h{#
############


There were no monsters in sight!

Vanquished Creatures
  4 bats (D:1)
  4 endoplasms (D:1)
  4 goblins
  3 hobgoblins (D:1)
  3 kobolds
  2 quokkas
  5 ball pythons (D:1)
  3 rats (D:1)
28 creatures vanquished.

Notes
Turn   | Place    | Note
-------+----------+-------------------------------------------
     0 | D:1      | Ethylacetat the Octopode Shapeshifter began the quest for
                  | the Orb.
     0 | D:1      | Reached XP level 1. HP: 13/13 MP: 1/1
   251 | D:1      | Reached XP level 2. HP: 15/18 MP: 2/2
   272 | D:1      | Found a faded altar of an unknown god.
   420 | D:1      | Reached XP level 3. HP: 17/23 MP: 3/3
   668 | D:2      | Noticed Sigmund
   680 | D:2      | Slain by Sigmund

Illustrated notes

Levels and vault maps discovered:
D:1:      amcnicky_arrival_double_pillar, layout_basic, basic_ecumenical_altar
D:2:      layout_loops_ring, uniq_natasha, uniq_sigmund, uniq_crazy_yiuf_cottage

Action                     || total
---------------------------++-------
  Melee: Unarmed           ||    53
         Constrict         ||    10
         Tentacles         ||     6
    Use: Potion            ||     1
   Stab: Sleeping          ||     5
 Armour: Skin              ||     4
  Dodge: Dodged            ||    31

Table legend: (Time is in decaauts)
 A = Elapsed time spent in this place.
 B = Non-inter-level travel time spent in this place.
 C = Inter-level travel time spent in this place.
 D = Time resting spent in this place.
 E = Time spent auto-exploring this place.
 F = Levels seen in this place.
 G = Mean time per level.
                   A        B        C        D        E       F      G
               +--------+--------+--------+--------+--------+-----+--------+
         Total |    677 |    672 |      5 |      0 |    518 |   2 |  338.5 |
       Dungeon |    677 |    672 |      5 |      0 |    518 |   2 |  338.5 |
               +--------+--------+--------+--------+--------+-----+--------+

Top non-repeatable levels by time:
     D:1: 658 daAuts
     D:2: 19 daAuts
